TOP OF THE 1ST |
---|
Madawaska Valley HS Wolves batting - Pitching for Randall HS Raiders : RHP Jacob Bowden | Pitching: RHP Jacob Bowden | | Batting: RHB Bob Colbert | 0-0: Ball 1-0: Swinging Strike 1-1: Ball 2-1: Swinging Strike 2-2: Strikes out swinging | Batting: RHB Earl Austin | 0-0: Ball 1-0: Ball 2-0: Called Strike 2-1: Foul Ball, location: 2F 2-2: Foul Ball, location: 2F 2-2: Foul Ball, location: 2F 2-2: Foul Ball, location: 2F 2-2: Fly out, F7 (Flyball, 78D) | Batting: RHB Bill Martínez | 0-0: Called Strike 0-1: Swinging Strike 0-2: Ball 1-2: Foul Ball, location: 2F 1-2: Strikes out swinging | Top of the 1st over - 0 runs, 0 hits, 0 errors, 0 left on base; Madawaska Valley HS 0 - Randall HS 0 | BOTTOM OF THE 1ST |
---|
Randall HS Raiders batting - Pitching for Madawaska Valley HS Wolves : RHP Ronnie Knight | Pitching: RHP Ronnie Knight | | Batting: RHB Tony Burhoe | 0-0: Called Strike 0-1: Foul Ball, location: 2F 0-2: Fly out, F7 (Flyball, 7LS) | Batting: LHB Buddy Jones | 0-0: Ground out U3 (Groundball, 3L) | Batting: LHB Robert Wright | 0-0: Ball 1-0: Fly out, F7 (Flyball, 7LM) | Bottom of the 1st over - 0 runs, 0 hits, 0 errors, 0 left on base; Madawaska Valley HS 0 - Randall HS 0 | TOP OF THE 2ND |
---|
Madawaska Valley HS Wolves batting - Pitching for Randall HS Raiders : RHP Jacob Bowden | Batting: LHB Ricardo Carrillo | 0-0: Foul Ball, location: 2F 0-1: Ball 1-1: Swinging Strike 1-2: Strikes out swinging | Batting: LHB Carl Childs | 0-0: Ball 1-0: Ball 2-0: Hit by Pitch | Batting: RHB Rory Dickey | 0-0: Called Strike 0-1: Swinging Strike 0-2: Strikes out looking | Batting: RHB Jim Barnes | 0-0: 2-RUN HOME RUN (Flyball, 7D), Distance : 384 ft | Batting: SHB Robert Bradshaw | 0-0: SINGLE (Flyball, 78S) | Batting: SHB Jason Dundee | 0-0: Called Strike 0-1: Swinging Strike 0-2: DOUBLE (Flyball, 8LXD) Robert Bradshaw to third | Batting: RHB Bob Colbert | 0-0: Called Strike 0-1: Foul Ball, location: 2F 0-2: Ball 1-2: Strikes out swinging | Top of the 2nd over - 2 runs, 3 hits, 0 errors, 2 left on base; Madawaska Valley HS 2 - Randall HS 0 | BOTTOM OF THE 2ND |
---|
Randall HS Raiders batting - Pitching for Madawaska Valley HS Wolves : RHP Ronnie Knight | Batting: RHB John Zhu | 0-0: Fly out, F9 (Line Drive, 9) | Batting: SHB Keith Ryan | 0-0: Called Strike 0-1: Swinging Strike 0-2: Foul Ball, location: 2F 0-2: Foul Ball, location: 2F 0-2: Ball 1-2: Ball 2-2: Ball 3-2: Strikes out swinging | Batting: RHB Cory Douglas | 0-0: Ball 1-0: Called Strike 1-1: Foul Ball, location: 2F 1-2: Ground out 6-3 (Groundball, 6S) | Bottom of the 2nd over - 0 runs, 0 hits, 0 errors, 0 left on base; Madawaska Valley HS 2 - Randall HS 0 | TOP OF THE 3RD |
---|
Madawaska Valley HS Wolves batting - Pitching for Randall HS Raiders : RHP Jacob Bowden | Batting: RHB Earl Austin | 0-0: Called Strike 0-1: Called Strike 0-2: Ball 1-2: Ground out 6-3 (Groundball, 6) | Batting: RHB Bill Martínez | 0-0: Called Strike 0-1: Ball 1-1: Foul Ball, location: 2F 1-2: Ball 2-2: Ball 3-2: Fly out, F7 (Line Drive, 78M) | Batting: LHB Ricardo Carrillo | 0-0: Ball 1-0: Ball 2-0: Called Strike 2-1: SINGLE (Groundball, 4MD) | Batting: LHB Carl Childs | 0-0: Ball 1-0: Foul Ball, location: 2F 1-1: SINGLE (Flyball, 9S) Ricardo Carrillo to second Runner from 2nd tries for 3rd, SAFE, no throw | Batting: RHB Rory Dickey | 0-0: Swinging Strike 0-1: Called Strike 0-2: Ball 1-2: Strikes out swinging | Top of the 3rd over - 0 runs, 2 hits, 0 errors, 2 left on base; Madawaska Valley HS 2 - Randall HS 0 | BOTTOM OF THE 3RD |
---|
Randall HS Raiders batting - Pitching for Madawaska Valley HS Wolves : RHP Ronnie Knight | Batting: RHB Jesús Salazar | 0-0: Called Strike 0-1: Ball 1-1: Swinging Strike 1-2: Strikes out swinging | Batting: RHB Brody Sexton | 0-0: Called Strike 0-1: Ball 1-1: Ball 2-1: Foul Ball, location: 2F 2-2: Ball 3-2: Strikes out swinging | Batting: RHB Luis Sánchez | 0-0: SINGLE (Line Drive, 8RS) | Batting: RHB Tony Burhoe | 0-0: Fly out, F5 (Line Drive, 56) | Bottom of the 3rd over - 0 runs, 1 hit, 0 errors, 1 left on base; Madawaska Valley HS 2 - Randall HS 0 | TOP OF THE 4TH |
---|
Madawaska Valley HS Wolves batting - Pitching for Randall HS Raiders : RHP Jacob Bowden | Batting: RHB Jim Barnes | 0-0: Ball 1-0: Called Strike 1-1: Foul Ball, location: 2F 1-2: Ball 2-2: Ball 3-2: Foul Ball, location: 2F 3-2: Foul Ball, location: 2F 3-2: Strikes out looking | Batting: SHB Robert Bradshaw | 0-0: Swinging Strike 0-1: Ball 1-1: Ball 2-1: Called Strike 2-2: SINGLE (Groundball, 56D) | Batting: SHB Jason Dundee | 0-0: Ball 1-0: Called Strike 1-1: Called Strike 1-2: Ball 2-2: SINGLE (Line Drive, 6D) Robert Bradshaw to second | Batting: RHB Bob Colbert | 0-0: Ball 1-0: Called Strike 1-1: Called Strike 1-2: Ball 2-2: Fielders Choice at 2nd, 4-6 (Groundball, 34) Robert Bradshaw to third | Pitching: LHP Stanley Matthews | | Batting: RHB Earl Austin | 0-0: Ball 1-0: SINGLE (Flyball, 78M) Robert Bradshaw scores Bob Colbert to second | Batting: RHB Bill Martínez | 0-0: Ball 1-0: Ball 2-0: Ball 3-0: Base on Balls Bob Colbert to third Earl Austin to second | Batting: LHB Ricardo Carrillo | 0-0: Ball 1-0: Ball 2-0: SINGLE (Groundball, 34D) Bob Colbert scores Earl Austin to third Bill Martínez to second Runner from 3rd tries for Home, SAFE, throw made home | Batting: LHB Carl Childs | 0-0: Called Strike 0-1: Called Strike 0-2: Foul Ball, location: 2F 0-2: Ball 1-2: Strikes out swinging | Top of the 4th over - 3 runs, 4 hits, 0 errors, 2 left on base; Madawaska Valley HS 5 - Randall HS 0 | BOTTOM OF THE 4TH |
---|
Randall HS Raiders batting - Pitching for Madawaska Valley HS Wolves : RHP Ronnie Knight | Batting: LHB Buddy Jones | 0-0: SOLO HOME RUN (Flyball, 89XD), Distance : 415 ft | Batting: LHB Robert Wright | 0-0: Called Strike 0-1: Ball 1-1: Ground out 6-3 (Groundball, 6) | Batting: RHB John Zhu | 0-0: Ball 1-0: Ball 2-0: Ball 3-0: Base on Balls | Batting: SHB Keith Ryan | 0-0: Called Strike 0-1: Swinging Strike 0-2: Ball 1-2: Strikes out swinging | Batting: RHB Cory Douglas | 0-0: Ball John Zhu is caught stealing 2nd base | Bottom of the 4th over - 1 run, 1 hit, 0 errors, 0 left on base; Madawaska Valley HS 5 - Randall HS 1 | TOP OF THE 5TH |
---|
Madawaska Valley HS Wolves batting - Pitching for Randall HS Raiders : LHP Stanley Matthews | Batting: RHB Rory Dickey | 0-0: Foul Ball, location: 2F 0-1: Ball 1-1: Called Strike 1-2: Ball 2-2: Strikes out swinging | Batting: RHB Jim Barnes | 0-0: Ball 1-0: Ball 2-0: Foul Ball, location: 2F 2-1: Ball 3-1: Base on Balls | Batting: SHB Robert Bradshaw | 0-0: Foul Ball, location: 2F 0-1: Grounds into double play, 6-4-3 (Groundball, 6) | Top of the 5th over - 0 runs, 0 hits, 0 errors, 0 left on base; Madawaska Valley HS 5 - Randall HS 1 | BOTTOM OF THE 5TH |
---|
Randall HS Raiders batting - Pitching for Madawaska Valley HS Wolves : RHP Ronnie Knight | Batting: RHB Cory Douglas | 0-0: Ball 1-0: Ball 2-0: Ground out 1-3 (Groundball, 13) | Batting: RHB Jesús Salazar | 0-0: Foul Ball, location: 2F 0-1: Called Strike 0-2: Strikes out swinging | Batting: RHB Brody Sexton | 0-0: Called Strike 0-1: Ball 1-1: Foul Ball, location: 2F 1-2: Ball 2-2: Foul Ball, location: 2F 2-2: SINGLE (Flyball, 9LS) | Batting: RHB Luis Sánchez | 0-0: Ball 1-0: Ball 2-0: SINGLE (Groundball, 6D) Brody Sexton to second | Batting: RHB Tony Burhoe | 0-0: Called Strike 0-1: Ball 1-1: SINGLE (Groundball, 56D) Brody Sexton to third Luis Sánchez to second Throwing error, E7 Brody Sexton scores Luis Sánchez to third Tony Burhoe to second | Batting: LHB Buddy Jones | 0-0: Fly out, F8 (Flyball, 8RXD) | Bottom of the 5th over - 1 run, 3 hits, 1 error, 2 left on base; Madawaska Valley HS 5 - Randall HS 2 | TOP OF THE 6TH |
---|
Madawaska Valley HS Wolves batting - Pitching for Randall HS Raiders : LHP Stanley Matthews | Batting: SHB Jason Dundee | 0-0: Ball 1-0: Ball 2-0: Ball 3-0: Called Strike 3-1: Base on Balls | Batting: RHB Bob Colbert | 0-0: Ball 1-0: Foul Ball, location: 2F 1-1: Foul Ball, location: 2F Error on foul ball, E9 1-2: Foul Ball, location: 2F 1-2: SINGLE (Groundball, 6MD) Jason Dundee to second | Batting: RHB Earl Austin | 0-0: Called Strike 0-1: Called Strike 0-2: Foul Ball, location: 2F 0-2: Ball 1-2: Fly out, F9 (Flyball, 89M) | Batting: RHB Bill Martínez | 0-0: Ball 1-0: Swinging Strike 1-1: Swinging Strike 1-2: Ball 2-2: Foul Ball, location: 2F 2-2: Ball 3-2: Strikes out looking | Batting: LHB Ricardo Carrillo | 0-0: Ball 1-0: Called Strike 1-1: Ball 2-1: Swinging Strike 2-2: Ball 3-2: Base on Balls Jason Dundee to third Bob Colbert to second | Batting: LHB Carl Childs | 0-0: Ball 1-0: SINGLE (Line Drive, 8RS) Jason Dundee scores Bob Colbert to third Ricardo Carrillo to second Runner from 3rd tries for Home, SAFE, throw made home | Batting: RHB Rory Dickey | 0-0: Ball 1-0: Ball 2-0: Foul Ball, location: 2F 2-1: Ball 3-1: Base on Balls Ricardo Carrillo to third Carl Childs to second | Batting: RHB Jim Barnes | 0-0: Ball 1-0: Ball 2-0: Ball 3-0: Base on Balls Ricardo Carrillo scores Carl Childs to third Rory Dickey to second | Pitching: RHP Tim Ford | | Batting: SHB Robert Bradshaw | 0-0: DOUBLE (Groundball, 3L) Carl Childs scores Rory Dickey scores Jim Barnes to third | Batting: SHB Jason Dundee | 0-0: Called Strike 0-1: Foul Ball, location: 2F 0-2: Ball 1-2: Ball 2-2: Ball 3-2: Base on Balls | Batting: RHB Bob Colbert | 0-0: Fly out, F4 (Line Drive, 4) | Top of the 6th over - 5 runs, 3 hits, 1 error, 3 left on base; Madawaska Valley HS 10 - Randall HS 2 | BOTTOM OF THE 6TH |
---|
Randall HS Raiders batting - Pitching for Madawaska Valley HS Wolves : RHP Ronnie Knight | Batting: LHB Robert Wright | 0-0: Ball 1-0: Foul Ball, location: 2F 1-1: Ball 2-1: Called Strike 2-2: Strikes out swinging | Batting: RHB John Zhu | 0-0: Called Strike 0-1: Foul Ball, location: 2F 0-2: Strikes out looking | Batting: SHB Keith Ryan | 0-0: Ball 1-0: SINGLE (Groundball, 6D) | Batting: RHB Cory Douglas | 0-0: Called Strike 0-1: Swinging Strike 0-2: Strikes out swinging | Bottom of the 6th over - 0 runs, 1 hit, 0 errors, 1 left on base; Madawaska Valley HS 10 - Randall HS 2 | TOP OF THE 7TH |
---|
Madawaska Valley HS Wolves batting - Pitching for Randall HS Raiders : RHP Tim Ford | Batting: RHB Earl Austin | 0-0: Ball 1-0: Called Strike 1-1: Ball 2-1: SINGLE (Line Drive, 6M) | Batting: RHB Bill Martínez | 0-0: Called Strike 0-1: Reached on error, E3 (Groundball, 3) Earl Austin to second | Batting: LHB Ricardo Carrillo | 0-0: Called Strike 0-1: Foul Ball, location: 2F 0-2: Foul Ball, location: 2F 0-2: Ball 1-2: Ball 2-2: Ball 3-2: Reached on error, E3 (Groundball, 34) Earl Austin to third Bill Martínez to second | Batting: LHB Carl Childs | 0-0: Called Strike 0-1: Ball 1-1: Ball 2-1: Called Strike 2-2: Fly out, F8 (Flyball, 8RS) Runner from 3rd tags up, SCORES, no throw | Batting: RHB Rory Dickey | 0-0: Ball 1-0: Foul Ball, location: 2F 1-1: Foul Ball, location: 2F 1-2: Ball 2-2: Ball 3-2: SINGLE (Line Drive, 6M) Bill Martínez to third Ricardo Carrillo to second Runner from 3rd tries for Home, SAFE, throw made home | Batting: RHB Jim Barnes | 0-0: Grounds into double play, 6-4-3 (Groundball, 6) | Top of the 7th over - 2 runs, 2 hits, 2 errors, 1 left on base; Madawaska Valley HS 12 - Randall HS 2 | BOTTOM OF THE 7TH |
---|
Randall HS Raiders batting - Pitching for Madawaska Valley HS Wolves : RHP Ronnie Knight | Batting: RHB Jesús Salazar | 0-0: SINGLE (Flyball, 7LS) | Batting: RHB Brody Sexton | 0-0: Fly out, F8 (Flyball, 78D) | Batting: RHB Luis Sánchez | 0-0: Ball 1-0: Ball 2-0: Fielders Choice at 2nd, 6-4 (Groundball, 6) | Pitching: LHP José Vázquez | | Batting: RHB Tony Burhoe | 0-0: Called Strike 0-1: Ball 1-1: Ball 2-1: Swinging Strike 2-2: Foul Ball, location: 2F 2-2: Foul Ball, location: 2F 2-2: Ball 3-2: Strikes out swinging | Bottom of the 7th over - 0 runs, 1 hit, 0 errors, 1 left on base; Madawaska Valley HS 12 - Randall HS 2 | TOP OF THE 8TH |
---|
Madawaska Valley HS Wolves batting - Pitching for Randall HS Raiders : RHP Tim Ford | Batting: SHB Robert Bradshaw | 0-0: Ball 1-0: Called Strike 1-1: Ball 2-1: Foul Ball, location: 2F 2-2: Ball 3-2: Base on Balls | Batting: SHB Jason Dundee | 0-0: Ball 1-0: Ball 2-0: Swinging Strike 2-1: Ball 3-1: Base on Balls Robert Bradshaw to second | Batting: RHB Bob Colbert | 0-0: Ball 1-0: SINGLE (Groundball, 6D) Robert Bradshaw to third Jason Dundee to second | Batting: RHB Earl Austin | 0-0: Called Strike 0-1: Ball 1-1: Ball 2-1: Ball 3-1: Called Strike 3-2: Base on Balls Robert Bradshaw scores Jason Dundee to third Bob Colbert to second | Batting: RHB Bill Martínez | 0-0: Called Strike 0-1: Called Strike 0-2: Strikes out looking | Batting: LHB Ricardo Carrillo | 0-0: Ball 1-0: Ball 2-0: Foul Ball, location: 2F 2-1: Called Strike 2-2: Ball 3-2: Fly out, F9 (Flyball, 89M) Runner from 3rd tags up, SCORES, throw made | Batting: LHB Carl Childs | 0-0: Ball 1-0: Ball 2-0: Called Strike 2-1: 3-RUN HOME RUN (Flyball, 7LD), Distance : 360 ft | Batting: RHB Rory Dickey | 0-0: Ball 1-0: Ball 2-0: Called Strike 2-1: SINGLE (Flyball, 8RS) | Batting: RHB Jim Barnes | 0-0: Foul Ball, location: 2F 0-1: Ball 1-1: Ball 2-1: Ball 3-1: Foul Ball, location: 2F 3-2: Foul Ball, location: 2F 3-2: Foul Ball, location: 2F 3-2: Base on Balls Rory Dickey to second | Batting: SHB Robert Bradshaw | 0-0: Ball 1-0: Fly out, F7 (Flyball, 78D) | Top of the 8th over - 5 runs, 3 hits, 0 errors, 2 left on base; Madawaska Valley HS 17 - Randall HS 2 | BOTTOM OF THE 8TH |
---|
Randall HS Raiders batting - Pitching for Madawaska Valley HS Wolves : LHP José Vázquez | Pitching: RHP Jorge Morín | | Batting: LHB Buddy Jones | 0-0: Swinging Strike 0-1: Ball 1-1: Called Strike 1-2: Ball 2-2: SOLO HOME RUN (Flyball, 9D), Distance : 368 ft | Pitching: LHP Roy Gómez | | Batting: LHB Robert Wright | 0-0: Fly out, F7 (Flyball, 7S) | Batting: RHB John Zhu | 0-0: Fly out, F8 (Line Drive, 8RM) | Batting: SHB Keith Ryan | 0-0: SINGLE (Groundball, 6M) (infield hit) | Batting: RHB Cory Douglas | 0-0: Ball 1-0: Reached on error, E6 (Groundball, 6S) Keith Ryan to second | Batting: RHB Jesús Salazar | 0-0: Swinging Strike 0-1: Ball 1-1: Ball 2-1: Ball 3-1: Swinging Strike 3-2: Foul Ball, location: 2F 3-2: SINGLE (Line Drive, 9S) Keith Ryan to third Cory Douglas to second Keith Ryan scores Cory Douglas to third | Batting: RHB Brody Sexton | 0-0: Ball 1-0: Foul Ball, location: 2F 1-1: Ball 2-1: Ball 3-1: Foul Ball, location: 2F 3-2: Foul Ball, location: 2F 3-2: Fly out, F8 (Line Drive, 8LM) | Bottom of the 8th over - 2 runs, 3 hits, 1 error, 2 left on base; Madawaska Valley HS 17 - Randall HS 4 | TOP OF THE 9TH |
---|
Madawaska Valley HS Wolves batting - Pitching for Randall HS Raiders : RHP Tim Ford | Pitching: LHP George Knight | | Batting: SHB Jason Dundee | 0-0: Ball 1-0: Called Strike 1-1: Foul Ball, location: 2F 1-2: Strikes out swinging | Batting: RHB Bob Colbert | 0-0: Swinging Strike 0-1: Swinging Strike 0-2: Ball 1-2: Strikes out swinging | Batting: RHB Earl Austin | 0-0: Foul Ball, location: 2F 0-1: Ball 1-1: Foul Ball, location: 2F 1-2: Ball 2-2: Ball 3-2: Foul Ball, location: 2F 3-2: Ground out 1-3 (Groundball, P) | Top of the 9th over - 0 runs, 0 hits, 0 errors, 0 left on base; Madawaska Valley HS 17 - Randall HS 4 | BOTTOM OF THE 9TH |
---|
Randall HS Raiders batting - Pitching for Madawaska Valley HS Wolves : LHP Roy Gómez | Batting: RHB Luis Sánchez | 0-0: SOLO HOME RUN (Flyball, 7D), Distance : 391 ft | Batting: RHB Tony Burhoe | 0-0: Hit by Pitch | Batting: LHB Buddy Jones | 0-0: Ball 1-0: Ball 2-0: Foul Ball, location: 2F 2-1: Ball 3-1: Foul Ball, location: 2F 3-2: Base on Balls Tony Burhoe to second | Batting: LHB Robert Wright | 0-0: Ball 1-0: Ball 2-0: Called Strike 2-1: Swinging Strike 2-2: Strikes out swinging | Batting: RHB John Zhu | 0-0: Ball 1-0: Ball Wild Pitch! Tony Burhoe to third Buddy Jones to second 2-0: Called Strike 2-1: Ball 3-1: Base on Balls | Batting: SHB Keith Ryan | 0-0: Ball 1-0: Called Strike 1-1: Swinging Strike 1-2: Strikes out swinging | Batting: RHB Cory Douglas | 0-0: Called Strike 0-1: Called Strike 0-2: Ball 1-2: Foul Ball, location: 2F 1-2: Strikes out swinging | Bottom of the 9th over - 1 run, 1 hit, 0 errors, 3 left on base; Madawaska Valley HS 17 - Randall HS 5 | |